 Dungeon Crawl Stone Soup version 0.31-a0-1068-g5939ac1fb6 (webtiles) character file.

Game seed: 16475000552727453183

1026 funkygono the Thaumaturge (level 8, -4/43 HPs)
             Began as a Deep Elf Fire Elementalist on Nov 23, 2023.
             Slain by a sky beast (6 damage)
             ... on level 5 of the Dungeon.
             The game lasted 00:09:40 (4988 turns).

funkygono the Thaumaturge (DEFE)                    Turns: 4988, Time: 00:09:40

Health: -4/43      AC:  5    Str:  5    XL:     8   Next: 2%
Magic:  8/22       EV: 13    Int: 23    God:
Gold:   169        SH:  0    Dex: 15    Spells: 17/23 levels left

rFire   . . .        j - +2 short sword (flame)
rCold   . . .        (no shield)
rNeg    . . .        a - +1 robe
rPois   .            w - +0 helmet
rElec   .            (no cloak)
rCorr   +            u - +0 pair of gloves
SInv    .            (no boots)
Will    .....        (no amulet)
Stlth   +++          c - ring of resist corrosion
HPRegen 0.27/turn    (no ring)
MPRegen 0.18/turn

%: no passive effects
@: attractive
A: no striking features
a: no special abilities


You were on level 5 of the Dungeon.
You visited 1 branch of the dungeon, and saw 5 of its levels.
You also visited: Sewer.

You collected 169 gold pieces.

Inventory:

Hand Weapons
 e - a +1 dagger
 j - a +2 short sword of flaming (weapon)
Missiles
 o - a throwing net
Armour
 a - a +1 robe (worn)
 u - a +0 pair of gloves (worn)
 w - a +0 helmet (worn)
Jewellery
 c - a ring of resist corrosion (left hand)
Talismans
 m - a flux talisman
 t - the flux talisman "Cyetoi" {Dex+3}
   (You found it on level 5 of the Dungeon)

   [flux talisman]

   Dex+3:     It affects your dexterity (+3).
Wands
 s - a wand of flame (12)
Scrolls
 f - a scroll of immolation
 h - a scroll of identify
 q - 2 scrolls of fog
Potions
 b - a potion of magic
 d - a potion of heal wounds
 g - 2 potions of attraction
 i - 4 potions of curing
 k - 2 potions of lignification
 l - 2 potions of cancellation {unknown}
 n - a potion of degeneration {unknown}
 p - a potion of haste {unknown}
 r - a potion of might {unknown}
 v - a potion of invisibility {unknown}


   Skills:
 + Level 1.0 Fighting
 + Level 2.4 Short Blades
 + Level 3.2 Dodging
 + Level 4.1 Stealth
 + Level 8.2 Spellcasting
 + Level 3.0 Conjurations
 + Level 6.3 Fire Magic


You had 17 spell levels left.
You knew the following spells:

 Your Spells              Type           Power      Damage    Failure   Level
a - Foxfire               Conj/Fire      100%       2x1d9     1%          1
b - Scorch                Fire           76%        2d8       1%          2
c - Inner Flame           Hex/Fire       24%        N/A       5%          3

Your spell library contained the following spells:

 Spells                   Type           Power      Damage    Failure   Level
 Volatile Blastmotes      Fire/Tloc      48%        2d14      5%          3
 Summon Small Mammal      Summ           36%        N/A       7%          1
 Flame Wave               Conj/Fire      31%        2d9       10%         4
 Call Canine Familiar     Summ           9%         N/A       21%         3
 Summon Guardian Golem    Hex/Summ       9%         N/A       21%         3


Dungeon Overview and Level Annotations

Branches:
Dungeon (5/15)              Sewer (visited)
 Temple: D:4-7

Altars:
Elyvilon

Shops:
D:1 (*!


Message History

* * * LOW HITPOINT WARNING * * *
You feel attractive to monsters.
The sky beast hits you but does no damage.
The gnoll barely misses you.
Unknown command.
Casting: Scorch (safe; 1% risk of failure)
Confirm with . or Enter, or press ? or * to list all spells.
Flames lash the sky beast.
The sky beast is moderately wounded.
The sky beast's fire resistance burns away.
The sky beast barely misses you.
Unknown command.
The gnoll is no longer more vulnerable to fire.
The gnoll is attracted toward you.
Casting: Scorch (safe; 1% risk of failure)
Confirm with . or Enter, or press ? or * to list all spells.
Flames lash the sky beast.
The sky beast is burned terribly!
The sky beast is severely wounded.
The sky beast flickers out of sight!
Deactivating autopickup; reactivate with Ctrl-A.
Something hits you but does no damage. The gnoll is attracted toward you. x2
A sky beast appears from thin air!
Reactivating autopickup.
The sky beast attacks as it pursues you!
The sky beast closely misses you. The gnoll is attracted toward you. x2
The sky beast is attracted toward you. The gnoll is attracted toward you.
The sky beast flickers out of sight!
Deactivating autopickup; reactivate with Ctrl-A.
The gnoll barely misses you. The gnoll is attracted toward you.
The gnoll is attracted toward you. x2
Something hits you.
* * * LOW HITPOINT WARNING * * *
Something shocks you.
* * * LOW HITPOINT WARNING * * *
The gnoll is attracted toward you. Something hits you but does no damage.
Something hits you.
* * * LOW HITPOINT WARNING * * *
Something shocks you.
You die...

................>.......
.......#.##.#.##.#######
.......#.##.#.##.#
######.#.##.#.##.#
#.#.##.#.##.#
#.#†##.#.##.#
#.#.##.#.##.#
#.#......##.# #.####@#
##.####{## .........#
####.####g.#
........gg.#
...#.###...# #.......#
######..# . +....~..#


You could see 3 gnolls.

Vanquished Creatures
  4 kobold brigands (Sewer)
  3 scorpions
  3 orc priests
  A hound (D:5)
  A jelly (D:4)
  A sleepcap (D:5)
  2 iguanas (D:4)
  2 orc wizards (D:5)
  8 gnolls
  10 adders
  A river rat (Sewer)
  A white imp (D:5)
  3 worms
  4 dart slugs
  6 orcs
  6 ball pythons
  2 endoplasms
  3 giant cockroaches
  7 goblins
  12 hobgoblins
  7 jackals
  13 kobolds
  A quokka (D:3)
  4 bats
  6 frilled lizards
  17 rats
128 creatures vanquished.

Vanquished Creatures (others)
  320 foxfires
320 creatures vanquished.

Grand Total: 448 creatures vanquished

Notes
Turn   | Place    | Note
-------+----------+-------------------------------------------
     0 | D:1      | funkygono the Deep Elf Fire Elementalist began the quest
                  | for the Orb.
     0 | D:1      | Reached XP level 1. HP: 10/10 MP: 6/6
   155 | D:1      | Reached XP level 2. HP: 15/15 MP: 4/8
   209 | D:1      | Learned a level 2 spell: Scorch
   584 | D:1      | Found Neerifam's Weapon Shop.
   682 | D:1      | Reached XP level 3. HP: 19/19 MP: 8/10
   686 | D:1      | Learned a level 3 spell: Inner Flame
   713 | D:1      | Found Osas's Distillery.
   713 | D:1      | Found Fufrog's Assorted Antiques.
  1279 | D:2      | Reached skill level 4 in Spellcasting
  1425 | D:2      | Reached XP level 4. HP: 24/24 MP: 8/12
  2119 | D:3      | Found a white marble altar of Elyvilon.
  2766 | D:3      | Reached XP level 5. HP: 6/28 MP: 0/14
  3189 | D:4      | Reached skill level 5 in Spellcasting
  3286 | D:4      | Reached skill level 5 in Fire Magic
  3286 | D:4      | Reached XP level 6. HP: 33/33 MP: 8/16
  3376 | D:4      | Found a glowing drain.
  3463 | Sewer    | Entered a sewer
  3503 | Sewer    | Reached skill level 6 in Spellcasting
  3689 | Sewer    | Reached skill level 1 in Short Blades
  3692 | Sewer    | Reached XP level 7. HP: 37/37 MP: 11/19
  3926 | Sewer    | Reached skill level 7 in Spellcasting
  4586 | D:5      | Entered Level 5 of the Dungeon
  4735 | D:5      | Reached skill level 8 in Spellcasting
  4779 | D:5      | Identified the flux talisman "Cyetoi" {Dex+3}
  4796 | D:5      | Reached skill level 1 in Fighting
  4968 | D:5      | Reached XP level 8. HP: 43/43 MP: 18/22
  4988 | D:5      | HP: 2/43 [something (3)]
  4988 | D:5      | Slain by a sky beast

Illustrated notes

Levels and vault maps discovered:
D:1:      minmay_arrival_four_circles, layout_basic, serial_shops,
          nicolae_shop_trees, shop, shop, st_stairs_14, hangedman_decor_lopped,
          minmay_misc_feat_enclosed, serial_bayou_pond_e
D:2:      layout_basic, serial_bayou_lagoon_a
D:3:      layout_basic, mainiacjoe_overflow_paths
D:4:      layout_basic, mainiacjoe_sewer_entry_somewhere_in_here_1
D:5:      layout_basic, minmay_temple_entry_mist, uniq_prince_ribbit1

Skill      XL: |  1  2  3  4  5  6  7 |
---------------+----------------------+-----
Fire Magic     | 4 5 6 |  6.3
Spellcasting   | 4 5 6 8 |  8.2
Stealth        | 3 4 |  4.1
Dodging        | 3 |  3.2
Conjurations   | 2 3 |  3.0
Short Blades   | 1 2 |  2.4
Fighting       | 1 |  1.0

Action                     |  1- 3 |  4- 6 |  7- 9 || total
---------------------------+-------+-------+-------++-------
  Melee: Dagger            |       |     4 |       ||     4
         Short sword       |       |     7 |    11 ||    18
         Punch             |       |       |     1 ||     1
   Cast: Foxfire           |    56 |    74 |    56 ||   186
         Scorch            |     8 |    30 |    19 ||    57
    Use: Scroll            |     2 |     5 |     6 ||    13
         Potion            |       |       |     1 ||     1
 Armour: Robe              |     4 |    13 |    17 ||    34
  Dodge: Dodged            |     6 |    28 |    16 ||    50

Table legend: (Time is in decaauts)
 A = Elapsed time spent in this place.
 B = Non-inter-level travel time spent in this place.
 C = Inter-level travel time spent in this place.
 D = Time resting spent in this place.
 E = Time spent auto-exploring this place.
 F = Levels seen in this place.
 G = Mean time per level.
                   A        B        C        D        E       F      G
               +--------+--------+--------+--------+--------+-----+--------+
         Total |   5088 |   4860 |    228 |    245 |   3680 |   6 |  848.0 |
       Dungeon |   4435 |   4207 |    228 |    181 |   3270 |   5 |  887.0 |
         Sewer |    652 |    652 |      0 |     64 |    410 |   1 |  652.0 |
               +--------+--------+--------+--------+--------+-----+--------+

Top non-repeatable levels by time:
     D:2: 1136 daAuts
     D:3: 1051 daAuts
     D:1: 999 daAuts
     D:4: 847 daAuts
   Sewer: 652 daAuts
     D:5: 401 daAuts
